 Dungeon Crawl Stone Soup version 0.31-a0-1499-ge0622b2318 (webtiles) character file.

Game seed: 17822228946926893284

97 grandjackal the Ducker (level 4, -2/31 HPs)
             Began as a Demonspawn Gladiator on Dec 30, 2023.
             Succumbed to Sigmund's poison
             ... on level 2 of the Dungeon.
             The game lasted 00:01:21 (1191 turns).

grandjackal the Ducker (Demonspawn Gladiator)       Turns: 1191, Time: 00:01:21

Health: -2/31      AC:  8    Str: 14 (17) XL:     4   Next: 42%
Magic:  4/4        EV: 12    Int:  6 (8)  God:
Gold:   87         SH:  0    Dex: 11 (14) Spells: 3/3 levels left

rFire   . . .        a - +0 war axe
rCold   . . .        (no shield)
rNeg    . . .        b - +0 leather armour
rPois   .            c - +0 helmet
rElec   .            (no cloak)
rCorr   .            (no gloves)
SInv    .            (no boots)
Will    .....        (no amulet)
Stlth   +            j - +4 ring of protection
HPRegen 0.25/turn    (no ring)
MPRegen 0.09/turn

%: no passive effects
@: lethally poisoned (-2 -> -22)
A: spiny 1, demonic touch 1, hooves 1, frail 1, high MP 1
a: no special abilities


You were on level 2 of the Dungeon.
You visited 1 branch of the dungeon, and saw 2 of its levels.

You collected 87 gold pieces.

Inventory:

Hand Weapons
 a - a +0 war axe (weapon)
Missiles
 d - 3 throwing nets (quivered)
 e - 4 javelins
Armour
 b - a +0 leather armour (worn)
 c - a +0 helmet (worn)
Jewellery
 j - a +4 ring of protection (left hand)
Scrolls
 f - a scroll of enchant weapon {unknown}
 h - a scroll of revelation {unknown}
 k - 2 scrolls of identify {unknown}
 n - a scroll of immolation {unknown}
 p - a scroll of fear {unknown}
Potions
 m - a potion of heal wounds {unknown}
 o - a potion of curing {unknown}


   Skills:
 + Level 3.1 Fighting
 - Level 2.8 Axes
 - Level 2.0 Throwing
 + Level 3.4 Dodging
 + Level 1.6 Unarmed Combat


You had 3 spell levels left.
You didn't know any spells.
Your spell library contained the following spells:

 Spells                   Type           Power      Damage    Failure   Level
 Alistair's Intoxication  Alch           0%         N/A       100%        5
 Borgnjor's Vile Clutch   Necr/Erth      0%         N/A       100%        5
 Eringya's Noxious Bog    Alch           0%         4d6       100%        6


Dungeon Overview and Level Annotations

Branches:
Dungeon (2/15)

Altars:

Annotations:
D:2 Sigmund


Innate Abilities, Weirdness & Mutations

You are partially covered in sharp spines.
Your touch may inflict minor irresistible damage on your foes.
You have large cloven feet.
You are frail. (-10% HP)
You have an increased reservoir of magic. (+10% MP)


Message History

You barely miss the dart slug. You punch the dart slug.
The dart slug is almost dead.
The dart slug barely misses you. Sigmund barely misses you.
You hit the dart slug.
You kill the dart slug!
Sigmund hits you from afar with a +3 scythe of venom.
You are poisoned.
Unknown command.
You feel very sick.
You slash Sigmund!
Sigmund is moderately wounded.
You feel sick.
Sigmund hits you with a +3 scythe of venom.
You are more poisoned.
Unknown command.
You barely miss Sigmund.
Sigmund is moderately wounded.
You feel very sick. Sigmund is struck by your spines. Sigmund misses you.
Unknown command.
You are too injured to fight recklessly!
You hit Sigmund.
Sigmund is heavily wounded.
You feel very sick.
Sigmund laughs darkly.
Sigmund gestures wildly while chanting.
Sigmund flickers and vanishes!
Deactivating autopickup; reactivate with Ctrl-A.
It was a potion of degeneration.
There was something very wrong with that liquid.
You feel weakened.
You feel dopey.
You feel clumsy.
You feel very sick.
You hear some strange, mumbled words.
Something tries to affect you, but you resist.
It was a potion of cancellation.
You feel magically purged.
You feel sick. Something hits you!
* * * LOW HITPOINT WARNING * * *
You are more poisoned.
It was a potion of mutation.
You feel extremely strange.
You feel frail.
Your feet thicken and deform.
You feel more energetic.
You die...

#.# ... #.# #.# #)#
#.# #.# #.# #.# #.#
#.########.####.###
#.................##
##########.####....#
#.......@{....#
#.###..######.# ##.#
#.# #.# #.# #.# #..


There were no monsters in sight!

Vanquished Creatures
  Jessica (D:2)
  An adder (D:2)
  2 ribbon worms
  A dart slug (D:2)
  4 endoplasms
  4 giant cockroaches (D:1)
  4 hobgoblins
  3 quokkas
  6 ball pythons (D:1)
  A bat (D:1)
  A frilled lizard (D:2)
  7 goblins
  4 kobolds
  4 rats
43 creatures vanquished.

Notes
Turn   | Place    | Note
-------+----------+-------------------------------------------
     0 | D:1      | grandjackal the Demonspawn Gladiator began the quest for
                  | the Orb.
     0 | D:1      | Reached XP level 1. HP: 16/16 MP: 1/1
   234 | D:1      | Gained mutation: Your touch may inflict minor irresistible
                  | damage on your foes. [demonic ancestry]
   234 | D:1      | Reached XP level 2. HP: 22/22 MP: 2/2
   844 | D:2      | Reached XP level 3. HP: 14/28 MP: 3/3
   847 | D:2      | Reached skill level 1 in Unarmed Combat
  1081 | D:2      | Gained mutation: You are partially covered in sharp spines.
                  | [demonic ancestry]
  1081 | D:2      | Reached XP level 4. HP: 34/34 MP: 4/4
  1152 | D:2      | Noticed Jessica
  1159 | D:2      | Killed Jessica
  1180 | D:2      | Noticed Sigmund
  1191 | D:2      | Gained mutation: You are frail. (-10% HP) [potion of
                  | mutation]
  1191 | D:2      | Gained mutation: You have large cloven feet. [potion of
                  | mutation]
  1191 | D:2      | Gained mutation: You have an increased reservoir of magic.
                  | (+10% MP) [potion of mutation]
  1191 | D:2      | Succumbed to Sigmund's poison

Illustrated notes

Levels and vault maps discovered:
D:1:      evilmike_arrival_home_sweet_home, layout_basic,
          chequers_serial_rivers_large_b, grunt_decor_one_mirror,
          minmay_worlds_worst_comb
D:2:      layout_loops_ring, basic_altar, uniq_sigmund, uniq_jessica,
          uniq_natasha, uniq_crazy_yiuf_cottage

Skill      XL: |  1  2  3  4 |
---------------+-------------+-----
Throwing       | 2 |  2.0
Dodging        | 3 |  3.4
Unarmed Combat | 1 |  1.6
Fighting       | 3 |  3.1
Axes           | |  2.8

Action                     |  1- 3 |  4- 6 || total
---------------------------+-------+-------++-------
  Melee: War axe           |    98 |     9 ||   107
         Touch             |     6 |     1 ||     7
         Punch             |       |     2 ||     2
    Use: Potion            |       |     3 ||     3
 Armour: Leather armour    |    53 |     8 ||    61
  Dodge: Dodged            |    78 |     6 ||    84

Table legend: (Time is in decaauts)
 A = Elapsed time spent in this place.
 B = Non-inter-level travel time spent in this place.
 C = Inter-level travel time spent in this place.
 D = Time resting spent in this place.
 E = Time spent auto-exploring this place.
 F = Levels seen in this place.
 G = Mean time per level.
                   A        B        C        D        E       F      G
               +--------+--------+--------+--------+--------+-----+--------+
         Total |   1256 |   1222 |     34 |     97 |    852 |   2 |  628.0 |
       Dungeon |   1256 |   1222 |     34 |     97 |    852 |   2 |  628.0 |
               +--------+--------+--------+--------+--------+-----+--------+

Top non-repeatable levels by time:
     D:1: 956 daAuts
     D:2: 299 daAuts
